Map: Ujari

Players

RiseAgainst

  • Race: Terran Terran
  • League: Diamond
  • Spawn Location: 9:00

Panda

  • Race: Zerg Zerg
  • League: Diamond
  • Spawn Location: 9:00

EnTRoY

  • Race: Protoss Protoss
  • Spawn Location: 0:00

MonFireFoX

  • Race: Terran Terran
  • Spawn Location: 3:00

MonEwok

  • Race: Terran Terran
  • League: Diamond
  • Spawn Location: 0:00

PouleVerte

  • Race: Terran Terran
  • League: Platinum
  • Spawn Location: 3:00

VOD

Have the link to the VOD?

Description

Time

  • Played on: Sept. 7, 2017, 5:12 p.m.
  • Length: 19:01
Show
View Real Time Build Order
Export as new Build Order

RiseAgainst Terran 

Build Orders: Reaper Expand, MMM Bio 

Get SALT Encoding   

  12  0:00  SCV  
  13  0:13  SCV  
  14  0:18  Supply Depot  
  14  0:25  SCV  
  15  0:40  SCV  
  15  0:42  Barracks  
  16  0:47  Refinery  
  16  0:52  SCV  
  17  1:06  SCV  
  18  1:18  SCV  
  19  1:30  Orbital Command  
  19  1:31  Reaper  
  20  1:45  Command Center  
  20  1:55  SCV  
  20  1:59  Barracks  
  21  2:03  Reaper  
  22  2:12  Supply Depot  
  22  2:14  SCV  
  23  2:22  Refinery  
  23  2:34  SCV  
  24  2:38  Barracks Tech Lab  
  24  2:46  SCV  
  25  2:54  Marine  
  25  2:55  Factory  
  26  3:00  SCV  
  26  3:01  Orbital Command  
  28  3:12  SCV  
  28  3:25  SCV  
  28  3:28  Marine x2, Stimpack  
  28  3:31  SCV  
  31  3:37  SCV  
  31  3:39  Barracks  
  31  3:40  Starport  
  32  3:43  SCV  
  32  3:45  Refinery  
  33  3:49  SCV  
  33  3:51  Barracks Reactor  
  34  3:56  SCV  
  34  4:01  SCV  
  34  4:02  Refinery  
  36  4:13  Marauder  
  36  4:14  Cyclone  
  39  4:19  Bunker  
  39  4:20  Bunker  
  39  4:28  Liberator, Marine x2  
  39  4:29  Marine  
  42  4:33  SCV x2  
  42  4:34  Marauder  
  36  5:07  SCV x2  
  29  5:11  Barracks Tech Lab, Marine, Marauder  
  29  5:12  Marine  
  29  5:13  Cyclone  
  37  5:19  SCV x2  
  37  5:31  SCV  
  35  5:54  Marine x2, Marauder x2  
  35  5:56  SCV x2  
  40  6:08  SCV x2  
  42  6:15  Medivac, Factory Reactor  
  42  6:16  Marine x2  
  42  6:17  Combat Shields  
  46  6:21  Supply Depot  
  46  6:22  Supply Depot  
  46  6:36  Concussive Shells  
  46  6:38  Supply Depot  
  46  6:39  Engineering Bay  
  46  6:41  Engineering Bay  
  46  6:43  Marine x3, SCV x2  
  51  6:55  SCV x2  
  50  7:05  Marine x2, Marauder x2  
  50  7:07  SCV x2  
  58  7:10  Supply Depot  
  58  7:14  Medivac x2  
  62  7:19  SCV x2  
  62  7:21  Terran Infantry Armor Level 1, Terran Infantry Weapons Level 1  
  64  7:30  Marine  
  64  7:31  Marine, SCV x2, Marauder  
  70  7:43  SCV x2  
  72  7:47  Command Center  
  72  7:54  Marine x3  
  72  7:55  Marine  
  72  7:57  Medivac  
  78  8:00  Barracks  
  78  8:01  Barracks  
  64  8:25  Marine x2, Marauder x2  
  56  8:43  Marine x2  
  56  8:48  Marine x2, Marauder x2  
  61  8:53  Factory Tech Lab  
  63  9:00  Marine  
  63  9:01  Marine  
  64  9:06  Marine x2  
  66  9:11  Marauder x2  
  66  9:13  SCV x2  
  66  9:14  Orbital Command  
  72  9:18  Marine x2  
  72  9:20  Armory  
  72  9:24  Marine x2  
  74  9:25  SCV x2  
  77  9:34  Marauder  
  77  9:36  Medivac x2  
  77  9:37  Siege Tank, SCV  
  77  9:38  SCV  
  88  9:40  Refinery  
  88  9:44  Supply Depot  
  88  9:45  Barracks Reactor, Barracks Tech Lab  
  88  9:46  Supply Depot  
  88  9:49  SCV  
  88  9:50  SCV  
  79  10:20  Marine, Marauder  
  79  10:21  Marine, Marauder x2  
  87  10:27  Medivac x2  
  87  10:28  Siege Tank  
  94  10:32  SCV x2  
  94  10:34  SCV  
  97  10:37  Terran Vehicle Weapons Level 1, Terran Infantry Weapons Level 2  
  97  10:38  Terran Infantry Armor Level 2  
  97  10:39  Marine x3  
  97  10:42  Refinery x2, Marauder x2  
  104  10:44  SCV  
  104  10:45  SCV  
  104  10:46  Supply Depot  
  104  10:47  Supply Depot, SCV  
  104  10:48  Supply Depot  
  100  11:09  Marine x4, Marauder x3  
  100  11:10  Medivac x2  
  114  11:18  Supply Depot x2  
  114  11:26  Marine  
  114  11:27  Marine x3  
  114  11:30  Marauder  
  120  11:34  Barracks  
  120  11:35  SCV x2  
  120  11:36  Barracks  
  120  11:39  Command Center  
  118  12:05  Marine x2, Marauder x2  
  101  12:18  Marine x3  
  98  12:23  Marine x2  
  98  12:28  Siege Tank  
  98  12:29  Marauder x2  
  107  12:33  Barracks Reactor x2  
  107  12:36  Marine x3  
  110  12:38  Terran Vehicle Weapons Level 2  
  110  12:41  Marine x2  
  112  12:50  Marine  
  112  12:51  Marauder  
  114  12:55  Marine x2, Marauder  
  118  12:59  Marine x2  
  118  13:09  Marauder  
  118  13:11  Marine  
  97  13:13  Marine x2  
  97  13:16  Marine x3, Marauder  
  97  13:17  Marine x3  
  104  13:22  Siege Tank  
  107  13:30  Marine, Marauder x2  
  107  13:31  Marine  
  109  13:38  Terran Infantry Weapons Level 3, Terran Infantry Armor Level 3, Marauder  
  109  13:47  Marine x5  
  109  13:48  Marine x3  
  103  13:51  Marauder x2  
  103  13:52  Medivac  
  110  13:59  Marauder  
  112  14:05  Marine x4  
  112  14:09  Marine  
  116  14:10  Marine x3  
  116  14:13  Marauder x2  
  124  14:21  Marauder  
  124  14:23  Marine x2  
  103  14:31  Marine x2  
  103  14:34  Marauder x2  
  103  14:37  Medivac x2, Marine  
  110  14:42  Marauder  
  109  14:54  Siege Tank  
  109  14:55  Marauder  
  109  14:56  Marine x2  
  109  14:57  Marine x5  
  121  15:11  Marine, Marauder x2  
  91  16:06  Marine x3, Marauder x3  
  91  16:07  Marine x5  
  104  16:24  Marine x4  
  106  16:27  Marauder  
  91  16:40  Marine x4, Marauder x2  
  91  16:41  Siege Tank  
  65  17:21  Marine x3, Marauder x3  
  65  17:22  Marine x5  
  79  17:23  Medivac x2  
  79  17:24  Siege Tank  
  84  17:39  Marine  
  84  17:42  Marauder  
  87  17:47  Marine x2, Marauder x2  
  87  17:48  Marine  
  87  17:50  Command Center  
  86  18:04  Marauder  
  59  18:36  Command Center, Marine x2, Marauder x2  
  59  18:37  Marine x2, Marauder  
Show
View Real Time Build Order
Export as new Build Order

Panda Zerg 

Build Orders: Hatch First 

Get SALT Encoding   

  12  0:01  Drone  
  13  0:21  Overlord  
  13  0:22  Drone  
  14  0:40  Drone x2  
  16  0:43  Drone  
  17  0:58  Hatchery  
  17  1:03  Drone  
  17  1:17  Spawning Pool  
  16  1:19  Drone  
  17  1:33  Drone  
  17  1:34  Drone  
  19  1:43  Extractor  
  19  1:45  Drone  
  19  1:53  Hatchery  
  18  1:59  Overlord  
  18  2:07  Drone  
  19  2:11  Queen  
  19  2:15  Drone  
  22  2:27  Spine Crawler  
  21  2:30  Drone x2  
  23  2:41  Drone x2  
  25  2:49  Queen  
  27  2:57  Roach Warren  
  26  3:03  Spine Crawler  
  25  3:12  Spine Crawler  
  24  3:14  Drone  
  24  3:17  Drone x3  
  24  3:18  Overlord  
  28  3:37  Drone  
  28  3:39  Queen  
  31  3:45  Drone x5  
  36  3:54  Drone  
  36  3:55  Drone  
  38  4:00  Spine Crawler  
  37  4:07  Spine Crawler  
  37  4:09  Evolution Chamber  
  35  4:11  Evolution Chamber  
  35  4:15  Spine Crawler  
  33  4:18  Roach  
  33  4:19  Roach  
  33  4:23  Roach  
  39  4:29  Roach x2  
  43  4:35  Roach  
  43  4:36  Roach  
  47  4:46  Roach  
  47  4:52  Roach, Drone  
  50  4:58  Queen  
  42  5:22  Roach  
  42  5:23  Roach x2  
  44  5:30  Roach  
  44  5:33  Zergling x6  
  44  5:34  Zergling x10  
  50  5:51  Queen  
  47  6:20  Drone x2  
  47  6:21  Overlord x3  
  47  6:22  Overlord  
  49  6:25  Extractor  
  49  6:26  Drone  
  49  6:34  Extractor  
  49  6:35  Extractor  
  47  6:43  Drone x9  
  47  6:44  Drone  
  57  6:51  Lair  
  57  6:55  Drone  
  57  6:57  Zerg Ground Armor Level 1  
  58  7:03  Drone x3  
  62  7:15  Drone x2  
  62  7:16  Queen  
  62  7:20  Extractor  
  62  7:21  Extractor  
  65  7:44  Roach x4  
  65  7:45  Roach x5  
  79  8:02  Spine Crawler  
  62  8:26  Roach x4  
  62  8:27  Roach x6  
  72  8:35  Roach x3  
  64  8:50  Roach x5  
  68  8:55  Spine Crawler  
  47  9:25  Queen  
  47  9:29  Drone x3  
  52  9:40  Metabolic Boost  
  52  9:42  Infestation Pit  
  52  9:45  Zerg Melee Weapons Level 1, Hatchery  
  51  9:48  Drone  
  51  10:05  Drone x3  
  54  10:25  Drone  
  55  10:33  Pathogen Glands  
  55  10:36  Zerg Ground Armor Level 2  
  55  10:46  Drone x2  
  55  10:48  Overlord  
  57  10:54  Overlord x3  
  57  10:55  Overlord  
  57  11:05  Roach Warren  
  57  11:06  Zergling x12  
  62  11:19  Infestor  
  62  11:20  Infestor x2  
  62  11:24  Drone x2  
  70  11:28  Drone x2  
  70  11:46  Roach  
  70  11:47  Infestor  
  64  11:50  Roach x5  
  76  12:00  Roach x3  
  77  12:10  Infestor  
  77  12:11  Infestor x2  
  83  12:16  Roach  
  83  12:25  Roach x2  
  83  12:26  Roach  
  84  12:36  Drone x2  
  86  12:41  Infestor  
  84  12:52  Zergling x2  
  84  12:53  Zergling x12  
  84  12:56  Roach  
  68  13:30  Roach  
  68  13:31  Roach x2  
  72  13:39  Roach  
  72  13:40  Zergling x14  
  75  14:05  Drone x3  
  78  14:10  Spore Crawler  
  78  14:11  Spore Crawler  
  64  14:48  Drone x3  
  67  14:53  Spore Crawler x2  
  67  14:57  Spine Crawler x2, Extractor  
  67  14:59  Extractor  
  61  15:12  Roach x2  
  61  15:13  Roach x3  
  65  15:42  Zergling x6  
  53  15:43  Zergling x18  
  60  15:50  Infestor  
  58  16:08  Infestor x4  
  66  16:26  Infestor x3  
  59  16:37  Infestor  
  59  16:38  Infestor  
  59  16:39  Zergling x2  
  64  16:40  Zergling x2  
  67  16:47  Roach x2  
  52  17:19  Infestor  
  52  17:20  Infestor  
  54  17:28  Zergling x2  
  54  17:29  Roach, Zergling x2  
  54  17:56  Roach, Infestor x2  
  53  18:16  Infestor  
  53  18:17  Zergling x14  
  59  18:47  Drone x2  
Show
View Real Time Build Order
Export as new Build Order

EnTRoY Protoss 

Build Orders:  

Get SALT Encoding   

  12  0:01  Probe (Chrono Boost)  
  13  0:11  Probe (Chrono Boost)  
  14  0:18  Pylon  
  14  0:22  Probe (Chrono Boost)  
  15  0:36  Probe (Chrono Boost)  
  15  0:39  Gateway  
  16  0:47  Probe (Chrono Boost)  
  17  0:55  Assimilator  
  17  0:57  Probe (Chrono Boost)  
  18  1:08  Probe (Chrono Boost)  
  19  1:18  Probe (Chrono Boost)  
  20  1:27  Cybernetics Core  
  20  1:30  Probe (Chrono Boost)  
  21  1:38  Pylon  
  21  1:40  Probe (Chrono Boost)  
  22  1:50  Nexus  
  22  1:53  Probe (Chrono Boost)  
  23  2:03  Probe (Chrono Boost), Warp Gate (Chrono Boost)  
  23  2:05  Adept  
  26  2:14  Probe (Chrono Boost)  
  27  2:32  Adept  
  29  2:42  Probe  
  30  2:49  Gateway  
  30  2:51  Gateway  
  30  2:56  Probe  
  31  3:02  Adept  
  31  3:04  Pylon  
  33  3:07  Pylon  
  33  3:21  Probe  
  33  3:26  Assimilator  
  34  3:27  Probe  
  34  3:33  Probe  
  36  3:38  Probe  
  37  3:41  Pylon  
  37  3:58  Probe  
  37  4:00  Gateway  
  37  4:01  Gateway  
  38  4:05  Stalker  
  38  4:06  Stalker  
  38  4:07  Stalker  
  44  4:22  Mothership Core  
  42  4:31  Pylon  
  35  4:38  Stalker x2  
  31  4:57  Probe  
  32  5:02  Probe  
  32  5:04  Stalker  
  35  5:07  Probe  
  36  5:14  Probe  
  36  5:18  Probe  
  36  5:19  Pylon  
  32  5:26  Mothership Core  
  33  5:30  Zealot x2  
  33  5:31  Zealot x2  
  25  5:45  Probe  
  25  5:48  Probe  
  21  6:00  Probe  
  22  6:13  Probe  
  22  6:14  Probe  
  24  6:21  Forge  
  24  6:28  Stalker x2  
  24  6:29  Stalker  
  24  6:30  Probe (Chrono Boost)  
  24  6:31  Probe (Chrono Boost)  
  32  6:43  Probe (Chrono Boost)  
  33  6:48  Pylon  
  33  6:51  Probe (Chrono Boost)  
  33  6:53  Probe (Chrono Boost)  
  36  7:01  Probe (Chrono Boost)  
  36  7:05  Protoss Ground Weapons Level 1  
  36  7:08  Probe (Chrono Boost)  
  37  7:13  Probe (Chrono Boost)  
  38  7:21  Assimilator  
  38  7:22  Probe (Chrono Boost)  
  39  7:27  Probe (Chrono Boost)  
  40  7:35  Pylon  
  40  7:36  Probe (Chrono Boost)  
  41  7:39  Probe (Chrono Boost)  
  42  7:45  Sentry  
  30  8:23  Stalker x2  
  30  8:25  Zealot  
  30  8:26  Zealot x2  
  32  8:52  Stalker  
  32  8:54  Zealot x4  
  24  9:12  Sentry  
  26  9:19  Probe (Chrono Boost)  
  27  9:26  Pylon  
  27  9:27  Probe (Chrono Boost)  
  27  9:29  Probe (Chrono Boost)  
  29  9:38  Probe (Chrono Boost), Stalker x2  
  32  9:39  Stalker x2  
  32  9:40  Probe (Chrono Boost)  
  39  9:48  Assimilator  
  39  9:50  Probe (Chrono Boost)  
  39  9:51  Probe (Chrono Boost)  
  41  10:02  Mothership Core (Chrono Boost)  
  41  10:05  Sentry  
  45  10:10  Nexus  
  45  10:22  Probe x2 (Chrono Boost)  
  47  10:32  Stalker x3  
  47  10:33  Stalker  
  55  10:42  Robotics Facility  
  55  10:47  Pylon  
  55  10:50  Sentry  
  57  11:09  Probe (Chrono Boost)  
  57  11:10  Probe (Chrono Boost)  
  59  11:16  Zealot  
  59  11:17  Zealot x4  
  69  11:33  Probe x2 (Chrono Boost)  
  69  11:37  Probe (Chrono Boost)  
  72  11:45  Probe (Chrono Boost)  
  73  11:48  Probe (Chrono Boost)  
  73  11:51  Stalker  
  73  11:52  Stalker x3  
  73  11:53  Stalker  
  74  12:31  Robotics Bay  
  74  12:35  Observer  
  75  12:54  Stalker x5  
  47  13:34  Stalker x3  
  47  13:35  Stalker x2  
  55  14:02  Probe (Chrono Boost)  
  56  14:07  Assimilator  
  56  14:08  Colossus  
  62  14:12  Assimilator  
  62  14:13  Probe (Chrono Boost), Robotics Facility  
  63  14:23  Probe (Chrono Boost)  
  62  14:38  Stalker x4  
  56  14:39  Stalker  
  62  14:54  Protoss Ground Armor Level 1 (Chrono Boost)  
  62  15:01  Colossus  
  68  15:09  Probe (Chrono Boost)  
  68  15:12  Sentry x2  
  73  15:18  Probe x2 (Chrono Boost)  
  75  15:22  Sentry  
  75  15:28  Probe  
  76  15:46  Sentry x3  
  76  15:47  Adept x2  
  86  16:03  Extended Thermal Lance  
  86  16:19  Twilight Council  
  86  16:25  Stalker x4  
  92  16:26  Stalker  
  96  16:37  Probe  
  96  16:39  Colossus  
  89  17:26  Colossus  
  95  17:43  Stalker x2  
  95  17:44  Stalker x3  
  97  18:40  Stalker x2  
  97  18:41  Stalker x3  
Show
View Real Time Build Order
Export as new Build Order

MonFireFoX Terran 

Build Orders: Cyclone Opening 

Get SALT Encoding   

  12  0:08  Refinery  
  12  0:12  SCV  
  13  0:36  Supply Depot  
  13  0:42  SCV  
  14  0:54  SCV  
  15  0:59  Barracks  
  15  1:15  Supply Depot  
  15  1:31  SCV  
  16  1:42  Refinery  
  16  1:51  Factory  
  16  1:52  Orbital Command, Barracks Reactor  
  16  2:04  Supply Depot  
  16  2:18  SCV  
  17  2:38  SCV  
  17  2:39  Marine  
  17  2:41  Cyclone  
  21  3:01  Cyclone  
  24  3:14  Marine  
  25  3:36  Cyclone x2  
  31  3:45  Marine  
  31  3:46  SCV  
  33  3:52  Supply Depot  
  33  3:59  SCV  
  34  4:14  Cyclone  
  37  4:37  Supply Depot  
  37  4:40  Supply Depot  
  30  5:18  Cyclone  
  30  5:19  Cyclone  
  30  5:55  Cyclone x2  
  33  6:57  Command Center  
  30  7:13  SCV  
  31  7:23  Cyclone x2  
  31  7:25  SCV  
  38  7:30  Marine  
  39  7:37  SCV  
  40  7:47  Marine  
  41  7:51  Factory  
  41  7:52  Armory  
  32  9:05  Cyclone  
  32  9:06  Cyclone  
  31  9:14  Marine  
  25  9:31  Orbital Command  
  25  9:32  Marine  
  25  9:37  SCV  
  25  9:38  Cyclone x2  
  33  9:50  Marine  
  33  10:08  Marine  
  33  10:10  Cyclone  
  37  10:31  SCV x2  
  37  10:34  Cyclone  
  42  10:42  Cyclone  
  45  10:43  SCV x2  
  45  10:49  Terran Vehicle Weapons Level 1  
  47  10:55  SCV  
  47  10:56  SCV  
  47  11:08  SCV  
  48  11:12  Cyclone  
  48  11:14  Cyclone  
  48  11:18  SCV  
  55  11:20  SCV  
  55  11:22  Refinery  
  56  11:25  Refinery  
  56  11:30  SCV  
  56  11:31  Factory Reactor  
  56  11:32  SCV  
  58  11:37  Supply Depot  
  58  11:42  SCV  
  58  11:44  Cyclone  
  59  12:11  Cyclone x3  
  68  12:16  Cyclone  
  71  12:37  SCV  
  71  12:38  SCV  
  71  12:43  Cyclone x3  
  82  12:50  SCV  
  83  12:55  Cyclone  
  86  13:02  Supply Depot  
  86  13:05  Terran Vehicle And Ship Armor Level 1  
  82  13:15  Cyclone  
  46  13:37  Hellion x3  
  52  13:47  Hellion  
  48  13:58  Hellion x3  
  54  14:08  Hellion  
  56  14:18  Factory  
  56  14:22  SCV, Hellion x3  
  56  14:23  SCV  
  64  14:30  Hellion  
  63  14:35  SCV x2  
  61  14:43  Hellion  
  60  14:47  SCV  
  61  14:57  SCV  
  61  14:59  SCV  
  63  15:03  Supply Depot  
  63  15:04  Factory Tech Lab  
  63  15:05  Hellion x4  
  63  15:06  Supply Depot  
  71  15:09  SCV  
  71  15:11  SCV  
  73  15:26  Hellion x2  
  48  16:13  Marine  
  48  16:14  Hellion  
  48  16:15  Hellion x4  
  58  16:31  Marine  
  59  16:35  Hellion  
  59  16:36  Hellion x3  
  59  16:37  Hellion  
  69  16:43  Starport  
  69  16:49  Marine  
  70  16:56  Hellion  
  70  16:57  Hellion  
  70  16:58  Hellion x2  
  78  17:07  Marine  
  79  17:10  Thor  
  85  17:37  Starport Reactor  
  85  17:53  Thor  
  47  18:35  Marine  
Show
View Real Time Build Order
Export as new Build Order

MonEwok Terran 

Build Orders: Mech 

Get SALT Encoding   

  12  0:01  SCV  
  13  0:13  SCV  
  14  0:21  Supply Depot  
  14  0:25  SCV  
  15  0:30  Refinery  
  16  0:42  SCV  
  16  0:46  Barracks  
  16  0:55  SCV  
  17  1:07  SCV  
  18  1:19  SCV  
  20  1:33  Reaper  
  20  1:36  Orbital Command  
  20  1:53  Command Center  
  20  2:02  Factory  
  20  2:06  SCV  
  20  2:23  Barracks Reactor  
  20  2:24  SCV  
  20  2:39  SCV  
  21  2:52  Refinery  
  21  2:54  Supply Depot  
  21  3:01  SCV  
  21  3:19  SCV  
  21  3:26  Hellion x2  
  25  3:31  SCV  
  25  3:32  Factory  
  25  3:33  Supply Depot  
  26  3:43  SCV  
  26  3:47  Hellion x2  
  31  3:53  Supply Depot  
  31  3:55  SCV  
  32  3:59  Orbital Command  
  32  4:13  Hellion x2  
  36  4:27  Hellion  
  36  4:34  Hellion  
  36  4:35  Hellion  
  41  4:45  SCV x2  
  41  4:51  Factory Tech Lab  
  42  4:54  Armory  
  38  5:14  SCV  
  38  5:15  SCV  
  38  5:16  Siege Tank  
  38  5:19  Cyclone x2  
  47  5:24  Supply Depot  
  37  5:51  Siege Tank  
  37  5:53  Terran Vehicle Weapons Level 1, Hellion x2  
  44  5:57  SCV x2  
  44  6:01  Refinery  
  46  6:05  Factory  
  46  6:09  SCV  
  47  6:14  Hellion  
  47  6:17  Hellion  
  51  6:23  SCV x2  
  53  6:35  SCV  
  53  6:36  SCV  
  53  6:37  Thor  
  61  6:41  Hellion x2  
  61  6:45  Command Center  
  63  6:48  SCV  
  63  7:03  Factory Tech Lab  
  63  7:06  Hellion x2  
  67  7:26  Hellion  
  69  7:30  Supply Depot x2  
  69  7:39  SCV  
  70  7:51  SCV x2, Hellion x2, Thor  
  82  8:03  SCV x2  
  75  8:19  Hellbat x3  
  54  8:34  Hellion  
  54  8:40  Hellion, Thor  
  60  8:46  Hellion  
  60  8:47  SCV x2  
  64  8:51  Orbital Command  
  64  8:54  Terran Vehicle Weapons Level 2  
  64  8:55  Thor  
  64  8:59  SCV x2  
  64  9:02  Hellion  
  74  9:04  Refinery  
  74  9:06  Refinery  
  60  9:24  Siege Tank  
  60  9:25  Hellion x2  
  67  9:31  SCV  
  67  9:32  Factory, SCV  
  67  9:35  Refinery  
  69  9:39  Hellion  
  69  9:43  Engineering Bay  
  60  10:00  Siege Tank  
  60  10:01  Siege Tank, Hellion x2  
  63  10:25  Hellion x2  
  67  10:32  Hellion  
  67  10:33  SCV x3  
  67  10:34  Hellion  
  67  10:35  Missile Turret  
  74  10:41  Missile Turret  
  74  10:45  Factory Tech Lab, SCV x3  
  74  10:46  Missile Turret  
  77  10:52  Hellion x2  
  77  10:53  Infernal Pre-Igniter  
  81  11:09  Siege Tank, Thor  
  90  11:19  Siege Tank  
  90  11:20  Hellion x2  
  97  11:27  SCV x2  
  99  11:38  Terran Vehicle Weapons Level 3  
  99  11:41  Hellion  
  57  12:16  Thor x2  
  57  12:18  Hellion x2  
  73  12:23  SCV x3  
  76  12:32  Factory Tech Lab  
  76  12:39  Hellion  
  78  12:53  Thor  
  78  12:55  Hellion  
  86  12:59  Thor  
  86  13:00  Hellion  
  81  13:20  Hellion x2  
  81  13:21  Hellion  
  69  13:48  Siege Tank x3  
  66  13:49  Hellion x2  
  70  13:59  SCV x3  
  73  14:10  Hellion  
  73  14:11  SCV  
  73  14:16  Hellion  
  78  14:20  Siege Tank x2  
  78  14:21  Hellion  
  65  14:42  Hellion x3  
  65  14:44  Command Center  
  71  14:47  SCV x2  
  73  14:55  Siege Tank  
  73  14:58  SCV  
  75  15:05  SCV x2  
  57  15:30  Siege Tank x3  
  59  15:40  Hellion  
  58  15:47  Hellion  
  62  16:11  Siege Tank  
  52  16:58  Thor x2  
  52  16:59  Thor  
  52  17:00  Hellion  
  66  17:26  Hellion x2  
  70  17:42  Hellion  
  70  17:52  Siege Tank x2  
  73  18:03  Siege Tank  
  76  18:09  Hellion  
  73  18:24  Siege Tank  
  74  18:33  Hellion x2  
Show
View Real Time Build Order
Export as new Build Order

PouleVerte Terran 

Build Orders: Hellion Opening, MMM Bio 

Get SALT Encoding   

  12  0:02  SCV  
  13  0:15  SCV  
  13  0:19  Supply Depot  
  14  0:27  SCV  
  15  0:32  Refinery  
  15  0:40  SCV  
  16  0:46  Barracks  
  16  0:54  SCV  
  17  1:09  Supply Depot  
  17  1:13  SCV  
  18  1:33  Orbital Command  
  18  1:35  Barracks Reactor  
  18  1:53  Factory  
  18  1:59  SCV  
  19  2:11  SCV  
  19  2:14  Supply Depot  
  20  2:17  Supply Depot  
  20  2:23  SCV  
  21  2:35  SCV  
  22  2:47  SCV, Barracks Tech Lab  
  22  2:48  Refinery  
  22  2:49  Hellion x2  
  27  3:00  SCV  
  28  3:10  Hellion x2  
  28  3:12  SCV  
  33  3:13  Command Center  
  33  3:26  SCV  
  34  3:28  Marine  
  34  3:31  Hellion x2  
  39  3:36  Stimpack  
  39  3:38  SCV  
  40  3:46  Marine  
  41  3:50  Barracks, SCV  
  42  4:02  SCV  
  43  4:33  Marine  
  43  4:35  Hellion  
  43  4:36  Hellion  
  46  4:51  Marine  
  47  4:57  Hellion x2  
  50  5:09  Marine  
  51  5:18  Hellion  
  48  5:21  Hellion  
  48  5:27  Marine  
  51  5:36  Combat Shields  
  51  5:40  Hellion  
  49  5:59  SCV  
  49  6:01  Orbital Command  
  50  6:05  Marine  
  50  6:07  Refinery  
  48  6:12  Barracks Reactor  
  48  6:14  Barracks  
  48  6:17  Barracks  
  47  6:23  Marine  
  47  6:24  Engineering Bay  
  47  6:25  Supply Depot  
  48  6:26  Supply Depot, Engineering Bay  
  48  6:28  Supply Depot x2  
  48  6:35  SCV  
  48  6:36  Factory Tech Lab  
  48  6:39  SCV  
  50  6:44  Marine  
  51  6:51  Supply Depot  
  51  7:02  Barracks Reactor, Marauder  
  53  7:08  Marine x2  
  53  7:09  Marine  
  53  7:13  Siege Tank  
  59  7:23  SCV x2  
  59  7:24  Marauder  
  59  7:26  Marine  
  59  7:28  Refinery  
  64  7:41  Marine x4  
  68  7:45  Siege Tank, Marauder  
  73  7:53  Command Center  
  73  8:06  Marauder  
  75  8:17  Siege Tank  
  74  8:28  Marauder  
  74  8:29  Armory  
  74  8:34  Marine x3  
  75  8:43  Starport  
  75  8:49  Marauder  
  71  8:55  Marine  
  71  8:56  Marine  
  63  9:04  Marine  
  63  9:05  Marine x2  
  54  9:11  Marauder  
  54  9:13  Marine x2  
  55  9:17  SCV x2  
  55  9:22  Marine x2  
  55  9:23  Marine  
  56  9:29  SCV  
  56  9:30  SCV  
  56  9:31  Marine x2  
  55  9:32  Marauder  
  55  9:36  Orbital Command  
  59  9:40  Marine x2  
  59  9:41  SCV  
  59  9:42  SCV  
  63  9:49  Supply Depot x2  
  63  9:50  Supply Depot  
  63  9:53  Supply Depot, Marauder  
  63  9:54  SCV x2  
  67  10:06  Siege Tank  
  70  10:13  Starport Reactor  
  70  10:15  Marauder  
  70  10:24  Marine  
  70  10:25  Marine x3  
  70  10:28  SCV x3  
  76  10:31  Concussive Shells  
  76  10:34  Barracks Tech Lab  
  77  10:35  Terran Infantry Armor Level 1  
  77  10:36  Marauder, Terran Infantry Weapons Level 1  
  77  10:37  Terran Vehicle Weapons Level 1  
  77  10:42  Marine  
  79  10:44  Marine x3  
  79  10:48  Siege Tank  
  86  10:51  SCV x2  
  86  10:52  Marauder  
  90  10:57  Marauder  
  90  11:00  Marine  
  90  11:01  Medivac x2  
  90  11:02  Marine x3  
  100  11:05  SCV  
  101  11:13  Marine  
  101  11:15  SCV x2  
  101  11:18  Marine  
  105  11:19  Marauder  
  105  11:24  Marine x2  
  105  11:25  Marine  
  110  11:29  Supply Depot  
  110  11:31  Supply Depot, Medivac x2, Marauder  
  110  11:32  Supply Depot, Refinery x2  
  116  11:34  Supply Depot  
  116  11:36  Marine  
  117  11:40  Marauder  
  119  11:53  Marauder  
  121  12:01  Medivac x2  
  123  12:02  Marauder  
  107  12:25  Marine  
  107  12:26  Marine x4  
  107  12:27  Marauder  
  89  12:31  Medivac  
  89  12:33  SCV x2  
  89  12:34  SCV  
  89  12:35  Terran Infantry Armor Level 2, Terran Infantry Weapons Level 2  
  94  12:43  Marine x2  
  94  12:44  Marine x2, Marauder  
  97  12:45  SCV  
  97  12:48  Marine  
  102  13:01  Marine x3  
  102  13:02  Marine  
  106  13:06  Marauder x2  
  107  13:15  SCV x3  
  107  13:19  Marine x4  
  107  13:27  Siege Tank, Marauder x2  
  112  13:37  Marine x4  
  100  13:49  Marauder x2  
  100  13:54  Marine  
  100  13:55  Marine  
  100  14:00  Siege Tank  
  98  14:03  SCV x2  
  98  14:04  Marine x2  
  84  14:10  Marauder x2  
  84  14:12  Marine x2, SCV  
  91  14:21  Marine  
  91  14:22  Marine  
  90  14:30  Barracks, Factory, Marine x2  
  90  14:31  Factory, Marauder x2  
  83  14:32  Siege Tank  
  90  14:39  Marine x2  
  92  14:48  Marine x2  
  94  14:53  Marauder x2  
  94  14:57  Marine x2  
  100  15:04  Siege Tank  
  100  15:05  Command Center  
  100  15:06  Marine x2  
  107  15:14  Marauder x2  
  109  15:24  Medivac x2  
  109  15:36  Siege Tank  
  109  15:41  Marine x4  
  109  15:42  Marauder x2  
  103  15:43  Marine  
  104  15:54  Medivac  
  106  15:59  Marine x4  
  106  16:01  Marine  
  106  16:03  Marauder x2  
  113  16:07  Terran Infantry Armor Level 3, Terran Infantry Weapons Level 3  
  113  16:08  Siege Tank  
  116  16:16  Marine  
  116  16:17  Marine x3, Planetary Fortress  
  120  16:19  Marine  
  120  16:22  Medivac  
  120  16:25  Marauder x2  
  115  16:34  Marine x2  
  115  16:35  Marine x2  
  115  16:37  Marine  
  118  16:46  Marauder x2  
  122  16:52  Marine x3  
  122  16:53  Marine  
  126  16:55  Marine  
  127  17:07  Marauder  
  127  17:08  Siege Tank, Marauder  
  134  17:10  Factory Tech Lab x2, Marine x4  
  134  17:12  Marine  
  115  17:28  Marine x4  
  115  17:29  Marauder x2  
  119  17:30  Marine, Refinery  
  119  17:31  Refinery  
  119  17:50  Marauder x2  
  98  18:09  Marine x3  
  98  18:10  Marine  
  98  18:12  Marauder x2  
  84  18:24  Marine, SCV x2  
  87  18:27  Marine x4  
  87  18:29  Medivac x2  
  87  18:33  Marauder x2  
  108  18:42  Marine  
Tags
 
Add a new tag
Caveats
  • Supply blocks, unpowered buildings, or Contaminate may cause inaccurate times.
  • Supply counts are checked every 10 seconds.